Map: Ruins of Endion

Players

VisherLord - Winner!

  • Race: Terran Terran
  • League: Silver
  • Spawn Location: 7:00

Fropez

  • Race: Protoss Protoss
  • League: Silver
  • Spawn Location: 5:00

VOD

Have the link to the VOD?

Description

Time

  • Played on: May 9, 2016, 7:59 p.m.
  • Length: 13:45
Show
View Real Time Build Order
Export as new Build Order

VisherLord Terran - Winner!

Build Orders: Banshee Rush 

Get SALT Encoding   

  12  0:01  SCV  
  13  0:13  SCV  
  14  0:20  Supply Depot  
  14  0:25  SCV  
  15  0:30  Refinery  
  15  0:41  SCV  
  16  0:48  Barracks  
  16  0:54  SCV  
  17  1:01  Refinery  
  17  1:06  SCV  
  18  1:18  SCV  
  19  1:30  SCV  
  20  1:36  Marine  
  21  1:41  Supply Depot  
  21  1:43  Orbital Command  
  21  1:59  Factory  
  21  2:06  Barracks Reactor  
  21  2:20  SCV  
  22  2:36  SCV  
  23  2:45  Starport  
  23  2:48  Starport, Factory Tech Lab  
  23  2:51  Marine x2  
  25  2:59  Supply Depot  
  25  3:27  Starport Tech Lab  
  25  3:32  Cloaking Field  
  25  3:35  Banshee  
  25  3:37  Widow Mine  
  30  3:46  Banshee  
  33  3:52  Marine x2  
  35  4:09  Factory Tech Lab  
  35  4:18  Banshee  
  35  5:00  Banshee  
  35  5:03  Marine  
  39  5:12  Supply Depot  
  39  5:14  Supply Depot x2  
  39  5:33  Marine x2, Banshee  
  44  5:51  Marine  
  44  5:57  Viking  
  47  6:04  Marine  
  48  6:08  Marine  
  49  6:16  Viking  
  51  6:21  Marine  
  52  6:26  Marine  
  52  6:27  Viking  
  49  6:39  Marine  
  50  6:43  Starport  
  50  6:44  Marine  
  50  6:46  Starport, Viking  
  53  6:56  Banshee  
  53  6:57  Marine  
  57  7:04  Command Center  
  57  7:18  Viking  
  57  7:19  Viking  
  61  7:26  Starport Reactor  
  61  7:38  Refinery  
  61  7:48  Refinery  
  45  8:29  Starport Tech Lab  
  45  8:30  Banshee x2  
  51  8:46  Siege Tank  
  54  8:57  SCV  
  55  9:09  SCV  
  56  9:12  Orbital Command  
  56  9:13  Banshee x2  
  62  9:21  SCV  
  63  9:33  Siege Tank, SCV  
  67  9:44  Viking x2  
  67  9:45  SCV  
  72  9:53  Banshee  
  72  9:55  Banshee  
  78  10:33  Marine x2  
  76  10:36  Siege Tank  
  77  10:50  Marine  
  78  11:01  Marine  
  78  11:28  Marine  
  78  11:32  Marine  
  78  11:39  Siege Tank  
  78  11:45  Marine  
  75  11:50  Marine  
  69  12:03  Marine  
  69  12:07  Marine  
  67  12:11  Siege Tank  
  67  12:21  Marine, SCV x2  
  68  12:25  Marine  
  68  12:33  SCV x2  
  70  12:39  Marine  
  70  12:42  Banshee x2  
  70  12:43  Marine  
  78  12:56  SCV x2  
  78  13:08  Siege Tank  
  78  13:22  Marine x2, SCV  
  78  13:23  SCV  
Show
View Real Time Build Order
Export as new Build Order

Fropez Protoss 

Build Orders:  

Get SALT Encoding   

  12  0:01  Probe (Chrono Boost)  
  13  0:19  Pylon  
  13  0:24  Probe (Chrono Boost)  
  13  0:28  Assimilator  
  14  0:36  Probe (Chrono Boost)  
  15  0:44  Gateway  
  15  0:57  Gateway  
  15  1:00  Probe (Chrono Boost)  
  16  1:07  Assimilator  
  16  1:19  Probe (Chrono Boost)  
  17  1:27  Pylon  
  17  1:29  Probe (Chrono Boost)  
  18  1:40  Probe (Chrono Boost)  
  19  1:50  Cybernetics Core  
  19  1:52  Probe (Chrono Boost)  
  20  2:02  Probe (Chrono Boost)  
  21  2:13  Probe (Chrono Boost)  
  21  2:28  Pylon  
  21  2:29  Adept x2  
  25  2:36  Mothership Core (Chrono Boost)  
  27  2:39  Warp Gate (Chrono Boost)  
  27  2:54  Probe (Chrono Boost)  
  27  2:56  Adept  
  27  2:58  Adept  
  32  3:06  Probe (Chrono Boost)  
  33  3:17  Probe (Chrono Boost)  
  34  3:31  Gateway  
  34  3:38  Forge  
  34  3:42  Pylon  
  34  3:58  Probe (Chrono Boost)  
  35  4:09  Probe  
  36  4:10  Protoss Ground Weapons Level 1 (Chrono Boost)  
  36  4:20  Pylon  
  36  4:21  Probe  
  37  4:33  Probe  
  32  4:53  Robotics Facility  
  32  4:59  Probe  
  31  5:02  Pylon, Stalker x2  
  31  5:03  Stalker  
  37  5:11  Probe  
  38  5:16  Nexus  
  38  5:23  Probe  
  38  5:28  Adept x2  
  41  5:29  Adept  
  45  5:35  Probe  
  45  5:41  Observer (Chrono Boost)  
  42  5:57  Probe  
  40  6:03  Pylon  
  33  6:09  Probe  
  33  6:15  Stalker x2  
  37  6:21  Probe  
  37  6:23  Protoss Ground Armor Level 1  
  38  6:28  Probe  
  37  6:48  Assimilator  
  37  6:50  Probe  
  37  6:52  Assimilator  
  37  6:53  Pylon  
  38  6:57  Pylon  
  38  7:11  Probe, Photon Cannon  
  38  7:12  Probe  
  40  7:17  Stalker x3  
  40  7:21  Probe  
  46  7:25  Probe  
  48  7:32  Probe  
  49  7:37  Probe  
  49  7:42  Probe  
  51  7:58  Stalker x2  
  46  8:33  Photon Cannon  
  46  8:34  Probe  
  46  8:36  Pylon  
  46  8:38  Warp Prism (Chrono Boost)  
  46  8:40  Stalker  
  46  8:41  Probe  
  52  8:59  Probe  
  52  9:01  Twilight Council  
  53  9:08  Probe  
  54  9:10  Photon Cannon  
  54  9:16  Probe  
  55  9:38  Protoss Ground Weapons Level 2 (Chrono Boost)  
  55  9:41  Blink  
  55  9:42  Stalker  
  57  9:48  Observer  
  58  9:53  Probe  
  58  9:55  Probe  
  58  9:57  Photon Cannon  
  60  10:05  Probe  
  61  10:46  Stalker  
  63  10:51  Pylon  
  60  11:11  Photon Cannon  
  56  11:13  Pylon, Photon Cannon  
  55  11:21  Stalker x2  
  57  12:11  Stalker  
  57  12:22  Immortal  
  57  13:06  Immortal (Chrono Boost)  
Tags
 
Matchup
PvT
Replay Pack
All Mines
Spawn Locations
Close Positions
Strategy
Banshee Rush
Add a new tag
Caveats
  • Supply blocks, unpowered buildings, or Contaminate may cause inaccurate times.
  • Supply counts are checked every 10 seconds.